 Dungeon Crawl Stone Soup version 0.30-a0-341-g682706514a (webtiles) character file.

Game seed: 1229287209802780317

122 koil the Ruffian (level 4, -1/37 HPs)
             Began as a Draconian Transmuter on Nov 4, 2022.
             Killed from afar by an orc wizard (13 damage)
             ... with a puff of flame
             ... on level 3 of the Dungeon.
             The game lasted 00:05:29 (2665 turns).

koil the Ruffian (Draconian Transmuter)             Turns: 2665, Time: 00:05:29

Health: -1/37      AC:  5    Str: 15    XL:     4   Next: 78%
Magic:  8/8        EV: 12    Int: 13    God:
Gold:   189        SH:  0    Dex: 11    Spells: 7/8 levels left

rFire   . . .      SeeInvis .      - Unarmed
rCold   . . .      Faith    .    (no shield)
rNeg    . . .      Spirit   .    (body armour unavailable)
rPois   .          Reflect  .    (helmet currently unavailable)
rElec   .          Harm     .    (no cloak)
rCorr   .          Rampage  .    (no gloves)
Will    .....                    (boots currently unavailable)
Stlth   +.........               (no amulet)
HPRegen 0.26/turn                (no ring)
MPRegen 0.11/turn                (no ring)

@: confused, appendages (expiring)
A: horns 2, talons 2, AC +5, unfitting armour, cold-blooded
a: End Transformation


You were on level 3 of the Dungeon.
You had temporarily grown beastly horns and talons.
You visited 1 branch of the dungeon, and saw 3 of its levels.

You collected 189 gold pieces.

Inventory:

Hand Weapons
 o - a +2 dagger of draining
Missiles
 h - 7 poisoned darts
Magical Staves
 e - a staff of cold
Scrolls
 c - a scroll of enchant weapon {unknown}
 f - a scroll of teleportation {unknown}
 g - 4 scrolls of identify {unknown}
 i - 2 scrolls of fear {unknown}
 j - a scroll of enchant armour {unknown}
 k - a scroll of butterflies {unknown}
 l - 2 scrolls of poison {unknown}
Potions
 a - a potion of lignification
 b - 3 potions of might {unknown}
 d - a potion of degeneration {unknown}
 m - a potion of invisibility {unknown}
 n - a potion of resistance {unknown}
 p - 3 potions of curing {unknown}


   Skills:
 + Level 2.3 Fighting
 + Level 2.5 Dodging
 + Level 3.5 Unarmed Combat
 + Level 2.7 Spellcasting
 + Level 2.7 Transmutations
 + Level 0.5 Air Magic


You had 7 spell levels left.
You knew the following spells:

 Your Spells              Type           Power      Damage    Failure   Level
a - Beastly Appendage     Tmut           16%        N/A       8%          1

Your spell library contained the following spells:

 Spells                   Type           Power      Damage    Failure   Level
 Wereblood                Tmut           8%         N/A       12%         2
 Shock                    Conj/Air       8%         1d3       22%         1
 Spider Form              Tmut/Pois      5%         N/A       38%         3
 Swiftness                Air            3%         N/A       50%         3
 Ice Form                 Ice/Tmut       5%         N/A       80%         4
 Airstrike                Air            1%         2d(1-17)  88%         4


Dungeon Overview and Level Annotations

Branches:
Dungeon (3/15)

Altars:


Innate Abilities, Weirdness & Mutations

You have temporarily grown beastly horns and talons.
Your plain brown scales are hard. (AC +5)
You cannot fit into any form of body armour.
You are cold-blooded and may be slowed by cold attacks.


Message History

You bump into the rock wall.
Something hits you but does no damage.
You bump into the rock wall.
Something hits you.
You closely miss something.
You feel less confused.
You hear some strange, mumbled words.
A magic dart appears from out of thin air!
The magic dart hits you!
* * * LOW HITPOINT WARNING * * *
You closely miss something. Something hits you but does no damage.
Casting: Beastly Appendage (safe; 8% risk of failure)
Confirm with . or Enter, or press ? or * to list all spells.
You grow a pair of large bovine horns.
Your feet morph into talons.
Something hits you but does no damage.
You closely miss something. Something barely misses you.
You hit something. Something hits you but does no damage.
You miss something. You tail-slap something.
You hear some strange, mumbled words.
Something tries to affect you, but you resist.
You barely miss something. You claw something.
Something hits you but does no damage.
You miss something. You hit something. Your kick misses something.
Your headbutt misses something. Something hits you but does no damage.
You closely miss something. Your kick misses something.
Something hits you but does no damage.
You barely miss something. Your kick misses something.
Your tail-slap misses something.
Your transformation is almost over.
Something hits you but does no damage.
You hit something.
You hear some strange, mumbled words.
Something tries to affect you, but you resist.
You barely miss something. Your kick misses something.
An orc wizard appears from thin air!
Reactivating autopickup.
The orc wizard points at you and mumbles some strange words.
You are confused.
The orc wizard points at you and mumbles some strange words.
The puff of flame hits you!
You die...

...#######
#.####...#..#
###... .### #.
......##.## #... .#
# #.###†..# #... ##
... #.### #..#. #
### #†# #.##. #
###.#### #. ..
#.†....# #. .. .
####......# #.
....#####@........#
....oooo..##.....>#
....########......#
. #......# ########


You could see an orc wizard and 3 orcs.

Vanquished Creatures
  4 adders
  2 worms (D:3)
  3 dart slugs
  8 orcs
  4 ball pythons
  4 endoplasms
  A giant cockroach (D:2)
  9 goblins
  3 hobgoblins
  3 jackals (D:2)
  3 quokkas
  10 bats
  2 frilled lizards
  3 kobolds (D:2)
  7 rats
66 creatures vanquished.

Vanquished Creatures (others)
  3 plants (D:1)
3 creatures vanquished.

Grand Total: 69 creatures vanquished

Notes
Turn   | Place    | Note
-------+----------+-------------------------------------------
     0 | D:1      | koil the Draconian Transmuter began the quest for the Orb.
     0 | D:1      | Reached XP level 1. HP: 16/16 MP: 3/3
   148 | D:1      | Reached XP level 2. HP: 23/23 MP: 5/5
   862 | D:1      | Found a faded altar of an unknown god.
  1309 | D:2      | Reached XP level 3. HP: 29/29 MP: 6/6
  2021 | D:2      | Reached XP level 4. HP: 25/36 MP: 5/7
  2665 | D:3      | Killed from afar by an orc wizard

Illustrated notes

Levels and vault maps discovered:
D:1:      dpeg_arrival_court, layout_loops_corners,
          shapermc_ecumenical_altar_mp_vishouse, serial_forest,
          infiniplex_forest_clump_long, infiniplex_forest_end_2,
          infiniplex_forest_lined_ring, infiniplex_forest_end_2
D:2:      layout_loops_ring
D:3:      layout_rooms

Skill      XL: |  1  2  3 |
---------------+----------+-----
Dodging        | 2 |  2.5
Fighting       | 2 |  2.3
Unarmed Combat | |  3.5
Spellcasting   | |  2.7
Transmutations | |  2.7
Air Magic      | |  0.5

Action                   |  1- 3 |  4- 6 || total
-------------------------+-------+-------++-------
Melee: Unarmed           |   177 |    77 ||   254
       Tailslap          |    16 |     8 ||    24
       Punch             |     5 |       ||     5
       Kick              |     3 |    14 ||    17
       Headbutt          |     1 |    10 ||    11
 Cast: Beastly Appendage |     5 |     7 ||    12
 Abil: End Transformatio |     1 |       ||     1
 Stab: Sleeping          |     1 |       ||     1
Armor: Skin              |    65 |    27 ||    92
Dodge: Dodged            |   120 |    23 ||   143

Table legend: (Time is in decaauts)
 A = Elapsed time spent in this place.
 B = Non-inter-level travel time spent in this place.
 C = Inter-level travel time spent in this place.
 D = Time resting spent in this place.
 E = Time spent auto-exploring this place.
 F = Levels seen in this place.
 G = Mean time per level.
                   A        B        C        D        E       F      G
               +--------+--------+--------+--------+--------+-----+--------+
         Total |   2650 |   2627 |     23 |     89 |   2050 |   3 |  883.3 |
       Dungeon |   2650 |   2627 |     23 |     89 |   2050 |   3 |  883.3 |
               +--------+--------+--------+--------+--------+-----+--------+

Top non-repeatable levels by time:
     D:1: 1288 daAuts
     D:2: 797 daAuts
     D:3: 565 daAuts
